 Dungeon Crawl Stone Soup version 0.31.0-11-ge490571c62 (webtiles) character file.

Game seed: 11417970160528709015

247 qw the Ducker (level 5, 0/26 HPs)
             Began as a Spriggan Hunter on Feb 4, 2024.
             Slain by Pikel
             ... wielding a +2 whip of electrocution
              (9 damage)
             ... on level 5 of the Dungeon.
             The game lasted 00:00:10 (3324 turns).

qw the Ducker (Spriggan Hunter)                     Turns: 3324, Time: 00:00:10

Health: 0/26       AC:  2    Str:  7    XL:     5   Next: 85%
Magic:  6/6        EV: 21    Int: 10    God:
Gold:   324        SH:  0    Dex: 21    Spells: 4/4 levels left

rFire   . . .        a - +0 shortbow
rCold   . . .        (shield currently unavailable)
rNeg    . . .        c - +0 robe
rPois   .            (helmet restricted)
rElec   .            (no cloak)
rCorr   .            (gloves unavailable)
SInv    +            (boots unavailable)
Will    .....        (no amulet)
Stlth   ++           (no ring)
HPRegen 0.24/turn    (no ring)
MPRegen 0.10/turn

%: no passive effects
@: very quick
A: very small, no large weapons, unfitting armour, see invisible, speed 3
a: no special abilities


You were on level 5 of the Dungeon.
You visited 2 branches of the dungeon, and saw 6 of its levels.

You collected 324 gold pieces.


Innate Abilities, Weirdness & Mutations

You are very small and have problems with some larger weapons.
You are too small for most types of armour.
You have supernaturally acute eyesight. (SInv)
You cover ground extremely quickly. (Speed+++)


   Skills:
 - Level 2.0 Fighting
 + Level 5.7 Ranged Weapons
 - Level 5.8 Dodging
 - Level 1.5 Stealth


You had 4 spell levels left.
You didn't know any spells.
Your spell library was empty.

Inventory:

Hand Weapons
 a - a +0 shortbow (weapon)
Armour
 c - a +0 robe (worn)
Jewellery
 k - a ring of ice
Wands
 b - a wand of charming (3)
Scrolls
 d - a scroll of fear {unknown}
 f - a scroll of teleportation
Potions
 e - a potion of lignification {unknown}
 h - a potion of haste {unknown}
 j - a potion of degeneration {unknown}

Dungeon Overview and Level Annotations

Branches:
Dungeon (5/15)             Temple (1/1) D:4

Altars:
Dithmenos
Hepliaklqana
Kikubaaqudgha
Makhleb
Nemelex Xobeh
Ru
Sif Muna
Uskayaw
Zin
The Shining One

Shops:
D:4 :

Annotations:
D:5 Pikel


Message History

You see here 7 stones.
You open the door.
There is an open door here.
There is a stone staircase leading down here.
You climb downwards.
There is a stone staircase leading up here.
Waypoint 5 assigned to D:5.
Found 5 stones.
Found a stone staircase leading down.
You now have 324 gold pieces (gained 4).
d - a scroll labelled YDEFUA USIPSONUA Pikel and 2 lemures come into view.
Pikel is wielding a +2 whip of electrocution.
Found a pair of boots.
The lemure shouts! x2; Pikel shouts!
You hear a shout!
You hear a bark!
You hear a shout!
3312 ||| RETREEEEATING.
You shoot an arrow. The arrow completely misses the lemure.
A lemure comes into view.
3314 ||| RETREEEEATING.
The lemure misses you.
3316 ||| RETREEEEATING.
The lemure hits you but does no damage.
3318 ||| RETREEEEATING.
You shoot an arrow.
The arrow hits the lemure but does no damage.
The lemure hits you!
You shoot an arrow. The arrow completely misses the lemure.
You shoot an arrow. The arrow closely misses Pikel.
You shoot an arrow.
The arrow hits Pikel but does no damage.
Pikel misses you.
You shoot an arrow.
The arrow hits Pikel but does no damage.
Pikel misses you.
You shoot an arrow. The arrow misses Pikel.
Pikel hits you with a +2 whip of electrocution!
You are electrocuted!
You die...
Pikel says, "See you in Hell!"

############...##.#
#.####.#
#.####.#####...
#..............
#.##.#.###.....
######.#.#..........
.........###.......
. #########.#K5#####
##@#.# #.#..K.5...
#.#..5..K..
#.#######.. ... #.#
#.# #.#


You could see Pikel and a lemure.

Vanquished Creatures
  A bullfrog (D:4)
  A scorpion (D:4)
  3 gnolls (D:4)
  6 adders
  A dart slug (D:4)
  2 orcs
  3 ball pythons
  3 bats
  3 endoplasms
  3 giant cockroaches
  2 goblins
  5 hobgoblins
  2 jackals (D:1)
  A quokka (D:2)
  3 frilled lizards
  2 kobolds (D:1)
  4 rats
45 creatures vanquished.

Notes
Turn   | Place    | Note
-------+----------+-------------------------------------------
     0 | D:1      | qw the Spriggan Hunter began the quest for the Orb.
     0 | D:1      | Reached XP level 1. HP: 10/10 MP: 2/2
     0 | D:1      | 0 ||| qw: Version: 0.3-a-160-g6735b56
     0 | D:1      | 0 ||| qw: Game counter: 5538
     0 | D:1      | 0 ||| qw: Melee chars always use a shield: true
     0 | D:1      | 0 ||| qw: God list: Okawaru
     0 | D:1      | 0 ||| qw: Allow faded altars: false
     0 | D:1      | 0 ||| qw: Do Orc after clearing Dungeon:15 true
     0 | D:1      | 0 ||| qw: Do second Lair branch before Depths: true
     0 | D:1      | 0 ||| qw: Lair rune preference: random
     0 | D:1      | 0 ||| qw: Goals: Normal
     0 | D:1      | 0 ||| PLANNING D:1-11
   108 | D:1      | Reached skill level 3 in Dodging
   319 | D:1      | Reached XP level 2. HP: 14/14 MP: 3/3
   339 | D:1      | Found a faded altar of an unknown god.
   616 | D:1      | 616 ||| READING scroll labelled BORIDGH COARIANOHISS.
   619 | D:1      | 619 ||| DROPPING scroll of butterflies.
   671 | D:2      | Reached XP level 3. HP: 11/18 MP: 4/4
  1537 | D:2      | 1537 ||| READING scroll labelled BILIZX NYIDIGA.
  1638 | D:2      | 1638 ||| READING scroll labelled NOEKAE FOZAN.
  1639 | D:2      | 1639 ||| DRINKING 2 brown potions.
  1640 | D:2      | 1640 ||| FLEEEEING.
  1641 | D:2      | 1641 ||| FLEEEEING.
  1642 | D:2      | 1642 ||| FLEEEEING.
  1643 | D:2      | 1643 ||| FLEEEEING.
  1644 | D:2      | 1644 ||| FLEEEEING.
  1645 | D:2      | 1645 ||| FLEEEEING.
  1646 | D:2      | 1646 ||| FLEEEEING.
  1647 | D:2      | 1647 ||| FLEEEEING.
  1648 | D:2      | 1648 ||| FLEEEEING.
  1649 | D:2      | 1649 ||| FLEEEEING.
  1650 | D:2      | 1650 ||| FLEEEEING.
  1651 | D:2      | 1651 ||| FLEEEEING.
  1652 | D:2      | 1652 ||| FLEEEEING.
  1653 | D:2      | 1653 ||| FLEEEEING.
  1654 | D:2      | 1654 ||| FLEEEEING.
  1655 | D:2      | 1655 ||| FLEEEEING.
  1656 | D:2      | 1656 ||| FLEEEEING.
  1657 | D:2      | 1657 ||| FLEEEEING.
  1658 | D:2      | 1658 ||| FLEEEEING.
  1659 | D:2      | 1659 ||| FLEEEEING.
  1660 | D:2      | 1660 ||| FLEEEEING.
  1661 | D:2      | 1661 ||| FLEEEEING.
  1662 | D:2      | 1662 ||| FLEEEEING.
  1663 | D:2      | 1663 ||| FLEEEEING.
  1664 | D:2      | 1664 ||| FLEEEEING.
  1665 | D:2      | 1665 ||| FLEEEEING.
  1666 | D:2      | 1666 ||| FLEEEEING.
  1667 | D:2      | 1667 ||| FLEEEEING.
  1668 | D:2      | 1668 ||| FLEEEEING.
  1669 | D:2      | 1669 ||| FLEEEEING.
  1670 | D:2      | 1670 ||| FLEEEEING.
  1671 | D:2      | 1671 ||| FLEEEEING.
  1672 | D:2      | 1672 ||| FLEEEEING.
  1673 | D:2      | 1673 ||| FLEEEEING.
  1674 | D:2      | 1674 ||| FLEEEEING.
  1675 | D:2      | 1675 ||| FLEEEEING.
  1676 | D:2      | 1676 ||| FLEEEEING.
  1677 | D:2      | 1677 ||| FLEEEEING.
  1678 | D:2      | 1678 ||| FLEEEEING.
  1679 | D:2      | 1679 ||| FLEEEEING.
  1680 | D:2      | 1680 ||| FLEEEEING.
  1681 | D:2      | 1681 ||| FLEEEEING.
  1682 | D:2      | 1682 ||| FLEEEEING.
  1683 | D:2      | 1683 ||| FLEEEEING.
  1684 | D:2      | 1684 ||| FLEEEEING.
  1685 | D:2      | 1685 ||| FLEEEEING.
  1686 | D:2      | 1686 ||| FLEEEEING.
  1687 | D:2      | 1687 ||| FLEEEEING.
  1688 | D:2      | 1688 ||| FLEEEEING.
  1689 | D:2      | 1689 ||| FLEEEEING.
  1690 | D:2      | 1690 ||| FLEEEEING.
  1691 | D:2      | 1691 ||| FLEEEEING.
  1692 | D:2      | 1692 ||| FLEEEEING.
  1693 | D:2      | 1693 ||| FLEEEEING.
  1694 | D:2      | 1694 ||| FLEEEEING.
  1695 | D:2      | 1695 ||| FLEEEEING.
  1696 | D:2      | 1696 ||| FLEEEEING.
  1697 | D:2      | 1697 ||| FLEEEEING.
  1698 | D:2      | 1698 ||| FLEEEEING.
  1699 | D:2      | 1699 ||| FLEEEEING.
  1700 | D:2      | 1700 ||| FLEEEEING.
  1701 | D:2      | 1701 ||| FLEEEEING.
  1702 | D:2      | 1702 ||| FLEEEEING.
  1703 | D:2      | 1703 ||| DRINKING 2 fuming ruby potions.
  1704 | D:2      | 1704 ||| DROPPING potion of berserk rage.
  1705 | D:2      | 1705 ||| DROPPING potion of invisibility.
  1991 | D:3      | Reached XP level 4. HP: 21/22 MP: 5/5
  2079 | D:4      | Found Hagof's Vocational Training.
  2184 | D:4      | Found a staircase to the Ecumenical Temple.
  2185 | D:4      | 2185 ||| PLANNING TEMPLE
  2199 | Temple   | Entered the Ecumenical Temple
  2200 | Temple   | 2200 ||| PLANNING D:1-11
  2537 | D:4      | Noticed a bullfrog
  2543 | D:4      | Killed a bullfrog
  2544 | D:4      | Reached XP level 5. HP: 19/25 MP: 6/6
  2851 | D:4      | HP: 5/24 [gnoll/+0 whip (6)]
  2852 | D:4      | 2852 ||| READING 2 scrolls of teleportation.
  3228 | D:4      | 3228 ||| READING scroll labelled GANTAG TYUDO.
  3228 | D:4      | 3228 ||| IDENTIFYING fizzy puce potion
  3229 | D:4      | 3229 ||| READING scroll labelled BIATIOT NAOVU.
  3230 | D:4      | 3230 ||| DROPPING potion of brilliance.
  3255 | D:5      | Entered Level 5 of the Dungeon
  3311 | D:5      | Noticed Pikel
  3311 | D:5      | Noticed a lemure
  3311 | D:5      | Noticed a lemure
  3312 | D:5      | 3312 ||| RETREEEEATING.
  3313 | D:5      | Noticed a lemure
  3314 | D:5      | 3314 ||| RETREEEEATING.
  3316 | D:5      | 3316 ||| RETREEEEATING.
  3318 | D:5      | 3318 ||| RETREEEEATING.
  3324 | D:5      | Slain by Pikel

Levels and vault maps discovered:
D:1:      lightli_arrival_flooded_house, layout_loops_cross,
          hellmonk_ecumenical_altar_zigzags
D:2:      layout_loops_corners
D:3:      layout_rooms
D:4:      layout_basic, minmay_temple_entry_ruins, nicolae_shop_vocational
D:5:      layout_loops_cross, gammafunk_temple_overflow_statue,
          mainiacjoe_overflow_large_starburst, uniq_pikel
Temple:   cyrus_temple_forest

Skill      XL: |  1  2  3  4  5 |
---------------+----------------+-----
Dodging        | 3 4 5 |  5.8
Ranged Weapons | 5 |  5.7
Fighting       | 2 |  2.0
Stealth        | |  1.5

Action                     |  1- 3 |  4- 6 || total
---------------------------+-------+-------++-------
   Fire: Shortbow          |    92 |    65 ||   157
    Use: Scroll            |     3 |     3 ||     6
         Potion            |     2 |       ||     2
 Armour: Robe              |     8 |    10 ||    18
  Dodge: Dodged            |    29 |    23 ||    52

Table legend:
 A = Non-vault XP
 B = Vault XP
 C = Vault XP percentage of total XP
 D = Non-vault monster count
 E = Vault monster count
 F = Vault count percentage of total count
                 A         B        C        D         E       F
            +---------+---------+-------+---------+---------+-------
      Total |     353 |       0 |   0.0 |      45 |       0 |   0.0
            +---------+---------+-------+---------+---------+-------
        D:1 |      18 |       0 |   0.0 |      11 |       0 |   0.0
        D:2 |      41 |       0 |   0.0 |      10 |       0 |   0.0
        D:3 |      41 |       0 |   0.0 |      12 |       0 |   0.0
        D:4 |     253 |       0 |   0.0 |      12 |       0 |   0.0
            +---------+---------+-------+---------+---------+-------
